 Dungeon Crawl Stone Soup version 0.27.1-3-gb3d3a73c9e (webtiles) character file.

Game seed: 5919534919848320822

982 styxcanada the Covert (level 7, 0/35 HPs)
             Began as a Spriggan Brigand on Oct 20, 2021.
             Was an Initiate of Gozag.
             Killed by divine providence
             ... invoked by an orc priest
              (11 damage)
             ... on level 5 of the Dungeon.
             The game lasted 00:19:31 (4474 turns).

styxcanada the Covert (Spriggan Brigand)            Turns: 4474, Time: 00:19:31

Health: 0/35       AC:  7    Str:  7    XL:     7   Next: 96%
Magic:  12/12      EV: 18    Int: 13    God:    Gozag
Gold:   427        SH:  8    Dex: 18    Spells: 7/11 levels left

rFire    . . .     SeeInvis +   i - +4 dagger (speed)
rCold    + . .     Faith    .   l - +2 buckler {AC+3}
rNeg     . . .     Spirit   .   b - +0 robe
rPois    .         Reflect  .   (helmet restricted)
rElec    .         Harm     .   c - +1 cloak
rCorr    .         Rampage  .   (gloves unavailable)
Will     +....                  (boots unavailable)
Stlth    ++++......             f - amulet of regeneration
HPRegen  1.11/turn              g - ring of protection from cold
MPRegen  0.13/turn              (no ring)

@: very quick
A: very small, no large weapons, unfitting armour, see invisible, speed 3
a: Renounce Religion, Potion Petition, Call Merchant, Bribe Branch


You were on level 5 of the Dungeon.
You worshipped Gozag.
Gozag was aware of your devotion.
You visited 2 branches of the dungeon, and saw 6 of its levels.

You collected 514 gold pieces.
You paid 87 gold pieces to Gozag.

Inventory:

Hand Weapons
 a - a +2 dagger
 i - a +4 dagger of speed (weapon)
 p - a +0 hunting sling
Missiles
 d - 25 poisoned darts (quivered)
 e - 2 curare-tipped darts
 j - 148 stones
Armour
 b - a +0 robe (worn)
 c - a +1 cloak (worn)
 l - a +2 buckler of protection (worn)
Jewellery
 f - an amulet of regeneration (around neck)
 g - a ring of protection from cold (left hand)
Wands
 m - a wand of flame (18)
 o - a wand of polymorph (8)
 q - a wand of digging (3)
Scrolls
 s - 5 scrolls of teleportation
 u - a scroll of enchant weapon
Potions
 h - 2 potions of flight
 k - a potion of invisibility {unknown}
 n - a potion of heal wounds
 r - a potion of lignification {unknown}


   Skills:
 * Level 2.6 Fighting
 + Level 4.1 Short Blades
 + Level 2.5 Throwing
 * Level 4.2 Dodging
 * Level 8.5 Stealth
 * Level 2.0 Shields
 * Level 2.8 Spellcasting
 * Level 1.8 Conjurations
 * Level 1.8 Fire Magic
 * Level 2.8 Evocations


You had 7 spell levels left.
You knew the following spells:

 Your Spells              Type           Power      Damage    Failure   Level
a - Foxfire               Conj/Fire      24%        2x1d5     16%         1
b - Mephitic Cloud        Conj/Pois/Air  3%         N/A       63%         3

Your spell library contained the following spells:

 Spells                   Type           Power      Damage    Failure   Level
 Summon Small Mammal      Summ           4%         N/A       34%         1
 Conjure Flame            Conj/Fire      6%         6-21      43%         3
 Corpse Rot               Necr/Air       N/A        N/A       45%         2
 Inner Flame              Hex/Fire       4%         N/A       56%         3
 Stone Arrow              Conj/Erth      8%         3d7       56%         3
 Ignite Poison            Fire/Tmut/Pois 3%         N/A       61%         3
 Call Canine Familiar     Summ           1%         N/A       71%         3
 Summon Guardian Golem    Hex/Summ       1%         N/A       71%         3
 Dispel Undead            Necr           1%         3d6       98%         4
 Bolt of Magma            Conj/Fire/Erth 2%         4d4       99%         5
 Death Channel            Necr           0%         N/A       100%        6
 Dispersal                Tloc           0%         N/A       100%        6
 Disjunction              Tloc           0%         N/A       100%        8
 Shatter                  Erth           0%         3d5*      100%        9


Dungeon Overview and Level Annotations

Branches:
Dungeon (5/15)             Temple (1/1) D:4

Altars:
Dithmenos
Gozag
Kikubaaqudgha
Makhleb
Ru
Sif Muna
Trog
Vehumet
Yredelemnul


Innate Abilities, Weirdness & Mutations

You are very small and have problems with some larger weapons.
You are too small for most types of armour.
You have supernaturally acute eyesight. (SInv)
You cover ground extremely quickly. (Speed+++)


Message History

The orc is almost dead.
Found a whip.
You kill the orc!
Throw: 27 darts (poison)
Press: ? - help, Q - select action, (/) - cycle Shift-Dir - straight line, f - orc wizard
Aim: an orc wizard, wielding a +0 dagger and wearing a +0 robe (56% to hit)
You throw a poisoned dart. The poisoned dart hits the orc wizard!
The orc wizard is poisoned.
Throw: 26 darts (poison)
Press: ? - help, Q - select action, (/) - cycle Shift-Dir - straight line, f/p - orc wizard
Aim: an orc wizard, wielding a +0 dagger and wearing a +0 robe (very poisoned, 56% to hit)
You throw a poisoned dart. The poisoned dart hits the orc wizard.
The orc wizard looks even sicker.
A scorpion and an orc priest come into view.
Found a plate armour.
An orc warrior comes into view. It is wielding a +0 short sword.
The orc priest shouts!
You hear a shout!
You hear a bark! x2
The scorpion stings you!
The orc warrior shouts!
You hit the scorpion but do no damage. You block the scorpion's attack.
The orc priest casts a cantrip, but nothing happens.
The orc priest calls upon Beogh to heal the orc wizard.
The orc wizard's wounds heal themselves!
Found a green potion.
A hound comes into view.
The hound moves out of view.
An orc comes into view. It is wielding a +0 flail.
A hound and an orc come into view.
The orc is distracted by your dazzling golden aura.
The orc priest mumbles some strange prayers to Beogh against you.
Beogh smites you!
The orc priest mumbles some strange prayers to Beogh against you.
Beogh smites you!
* * * LOW HITPOINT WARNING * * *
The hound barks!
The orc shouts!
The orc is no longer distracted by gold.
The orc priest mumbles some strange prayers to Beogh against you.
Beogh smites you!
You die...
Your body crumbles into a pile of gold.

########
#......#
#......#
#......#
#......####
#..........
#..........
#@.........
#h.........
#..........
#...oo..h..
#.os........
#..........##
##..........#
#.o..o......!
##
#....).....##..


You could see an orc warrior, a scorpion, 2 hounds, an orc priest, an orc wizard
(poisoned) and 2 orcs.

Vanquished Creatures
  Menkaure (D:5)
  A black bear (D:4)
  A sky beast (D:3)
  An ice beast (D:4)
  An ogre (D:4)
  A scorpion (D:4)
  A hound (D:5)
  A bullfrog skeleton (D:5)
  2 bullfrog zombies (D:5)
  A centaur skeleton (D:5)
  A centaur zombie (D:5)
  2 orc priests (D:5)
  3 orc wizards (D:5)
  A hound skeleton (D:4)
  A howler monkey skeleton (D:5)
  4 adders
  An ufetubus (D:4)
  2 worms (D:3)
  A dart slug (D:3)
  6 orcs
  3 ball pythons
  3 endoplasms
  3 giant cockroaches
  3 goblins
  5 hobgoblins
  5 jackals (D:2)
  2 quokkas
  10 bats
  5 frilled lizards
  8 kobolds
  6 rats
86 creatures vanquished.

Vanquished Creatures (others)
  5 foxfires (D:5)
5 creatures vanquished.

Grand Total: 91 creatures vanquished

Notes
Turn   | Place    | Note
-------+----------+-------------------------------------------
     0 | D:1      | styxcanada the Spriggan Brigand began the quest for the
                  | Orb.
     0 | D:1      | Reached XP level 1. HP: 10/10 MP: 2/2
   109 | D:1      | Reached skill level 6 in Stealth
   217 | D:1      | Reached XP level 2. HP: 9/15 MP: 3/3
   437 | D:1      | Found a faded altar of an unknown god.
   850 | D:2      | Found a bloodstained altar of Trog.
  1180 | D:2      | Reached skill level 7 in Stealth
  1220 | D:2      | Learned a level 1 spell: Foxfire
  1480 | D:2      | Reached XP level 3. HP: 18/18 MP: 4/4
  2566 | D:3      | Reached XP level 4. HP: 23/23 MP: 5/5
  2588 | D:3      | Noticed a sky beast
  2634 | D:3      | Killed a sky beast
  2635 | D:3      | Reached skill level 1 in Spellcasting
  2635 | D:3      | Reached XP level 5. HP: 26/26 MP: 5/7
  3177 | D:4      | Noticed an ice beast
  3198 | D:4      | Killed an ice beast
  3199 | D:4      | Reached skill level 1 in Shields
  3199 | D:4      | Reached skill level 1 in Conjurations
  3199 | D:4      | Reached skill level 1 in Fire Magic
  3199 | D:4      | Reached XP level 6. HP: 30/30 MP: 7/9
  3237 | D:4      | Found a staircase to the Ecumenical Temple.
  3248 | Temple   | Entered the Ecumenical Temple
  3348 | Temple   | Became a worshipper of Gozag Ym Sagoz the Greedy
  3378 | D:4      | Reached skill level 1 in Evocations
  3425 | D:4      | Reached skill level 8 in Stealth
  3736 | D:4      | Reached XP level 7. HP: 34/35 MP: 11/11
  3841 | D:5      | Entered Level 5 of the Dungeon
  4189 | D:5      | Noticed Menkaure
  4277 | D:5      | Killed Menkaure
  4384 | D:5      | Learned a level 3 spell: Mephitic Cloud
  4474 | D:5      | Killed from afar by an orc priest

Illustrated notes

Levels and vault maps discovered:
D:1:      dpeg_arrival_rhombi, layout_basic,
          shapermc_ecumenical_altar_starsandcircs
D:2:      layout_loops_cross, basic_altar, kennysheep_potato
D:3:      layout_loops_corners
D:4:      layout_basic, minmay_temple_entry_grid
D:5:      layout_rooms, uniq_menkaure
Temple:   roderic_octagonal_lattice_temple

Skill      XL: |  1  2  3  4  5  6  7 |
---------------+----------------------+-----
Stealth        | 6 7 8 |  8.5
Dodging        | 2 3 4 |  4.2
Spellcasting   | 1 2 |  2.8
Fighting       | 2 |  2.6
Short Blades   | 3 4 |  4.1
Shields        | 1 2 |  2.0
Conjurations   | 1 |  1.8
Fire Magic     | 1 |  1.8
Evocations     | 1 2 |  2.8
Throwing       | |  2.5

Action                   |  1- 3 |  4- 6 |  7- 9 || total
-------------------------+-------+-------+-------++-------
Melee: Dagger            |   148 |    60 |   154 ||   362
Throw: Dart              |     1 |    17 |    18 ||    36
 Cast: Foxfire           |       |       |     3 ||     3
Evoke: Wand              |       |       |     2 ||     2
  Use: Scroll            |     6 |     2 |     2 ||    10
       Potion            |       |       |     1 ||     1
 Stab: Sleeping          |    14 |     4 |     2 ||    20
Armor: Robe              |    21 |    10 |    23 ||    54
Dodge: Dodged            |    83 |    12 |    64 ||   159
Block: Buckler           |    32 |    16 |    36 ||    84
